 Dungeon Crawl Stone Soup version 0.30-a0-585-g93115170b9 (webtiles) character file.

Game seed: 3625171979125124590

183983 cforsyth the Brawler (level 18, -7/160 HPs)
             Began as a Ghoul Monk on Jan 2, 2023.
             Was the Champion of Okawaru.
             Mangled by a jumping spider (10 damage)
             ... summoned by a broodmother
             ... on level 4 of the Spider Nest.
             The game lasted 01:10:17 (38731 turns).

cforsyth the Brawler (Ghoul Monk)                  Turns: 38731, Time: 01:10:17

Health: -7/160     AC: 40    Str: 19 (23) XL:     18   Next: 0%
Magic:  24/24      EV:  3    Int:  9 (11) God:    Okawaru [******]
Gold:   2861       SH:  0    Dex: 19 (20) Spells: 17/17 levels left

rFire   . . .      SeeInvis .      - Unarmed
rCold   + . .      Faith    .    J - +13 tower shield "Gyddek" {Dex+4 Slay+3 Stlth+}
rNeg    + + +      Spirit   .    C - +12 plate armour of the Moon Troll {Fly Dex+2}
rPois   ∞          Reflect  .    r - +2 helmet of Pragmatism {rPois Regen+ Dex+3}
rElec   .          Harm     .    Z - +1 cloak of Fuasy {+Inv rPois Int+6}
rCorr   .          Rampage  .    N - +0 pair of gloves
Will    +++..                    n - +2 pair of boots Stlth
                                 l - amulet of the acrobat
HPRegen 0.00/turn                F - ring of willpower
MPRegen 0.19/turn                f - ring of willpower

@: flying, held, inhibited regen, glowing
A: claws 1, cold resistance 1, negative energy resistance 3, inhibited
regeneration, torment resistance 2, devour on kill
}: 1/15 runes: gossamer
a: Renounce Religion, Evoke Invisibility, Heroism, Finesse, Duel


You were on level 4 of the Spider Nest.
You worshipped Okawaru.
Okawaru was exalted by your worship.
You visited 5 branches of the dungeon, and saw 27 of its levels.
You also visited: Bailey and Ice Cave.

You collected 3743 gold pieces.
You spent 882 gold pieces at shops.

Inventory:

Armour
 i - the +1 kite shield "Gomp" {Rampage Dex-3 Stlth+}
   (You found it in a bailey)

   Dex:       It affects your dexterity (-3).
   Rampage:   It bestows one free step when moving towards enemies.
   Stlth:     It makes you more stealthy.
 n - a +2 pair of boots (worn)
 r - the +2 helmet of Pragmatism (worn) {rPois Regen+ Dex+3}
   (Okawaru gifted it to you on level 3 of the Spider Nest)

   Dex:       It affects your dexterity (+3).
   rPois:     It protects you from poison.
   Regen:     It increases your rate of health regeneration.
 C - the +12 plate armour of the Moon Troll (worn) {Fly Dex+2}
   (Okawaru gifted it to you on level 10 of the Dungeon)

   Dex:       It affects your dexterity (+2).
   Fly:       It grants you flight.
 I - a +2 pair of boots of rampaging
 J - the +13 tower shield "Gyddek" (worn) {Dex+4 Slay+3 Stlth+}
   (Okawaru gifted it to you in an ice cave)

   Dex:       It affects your dexterity (+4).
   Slay:      It affects your accuracy & damage with ranged weapons and melee
   (+3).
   Stlth:     It makes you more stealthy.
 N - a +0 pair of gloves (worn)
 W - a scarf of resistance
 Z - the +1 cloak of Fuasy (worn) {+Inv rPois Int+6}
   (Okawaru gifted it to you on level 4 of the Spider Nest)

   Int:       It affects your intelligence (+6).
   rPois:     It protects you from poison.
   +Inv:      It lets you turn invisible.
Jewellery
 f - a ring of willpower (right hand)
 k - a ring of protection from cold
 l - an amulet of the acrobat (around neck)
 q - a ring of see invisible
 A - a ring of flight
 D - an amulet of magic regeneration
 F - a ring of willpower (left hand)
 M - a ring of protection from fire
 O - an amulet of regeneration
 Q - a +4 ring of protection
 Y - a ring of protection from fire
Wands
 a - a wand of paralysis (13)
 c - a wand of digging (12)
 E - a wand of polymorph (14)
 G - a wand of flame (30)
 R - a wand of quicksilver (13)
 X - a wand of mindburst (3)
Scrolls
 e - 6 scrolls of enchant armour
 g - 3 scrolls of poison
 m - a scroll of acquirement
 s - a scroll of torment
 t - 5 scrolls of teleportation
 x - 6 scrolls of fog
 y - 4 scrolls of blinking
 H - 5 scrolls of vulnerability
 K - 6 scrolls of magic mapping
 L - 2 scrolls of fear
 S - a scroll of amnesia
 T - a scroll of immolation
 V - 5 scrolls of identify
Potions
 b - 12 potions of ambrosia
 d - 4 potions of curing
 h - 8 potions of haste
 j - a potion of experience
 o - 5 potions of attraction
 p - 3 potions of flight
 v - 6 potions of brilliance
 w - 4 potions of might
 z - 4 potions of cancellation
 B - 3 potions of invisibility
 U - 2 potions of resistance


   Skills:
 - Level 14.0 Fighting
 + Level 15.0 Armour
 - Level 2.6 Dodging
 - Level 2.1 Stealth
 + Level 14.9 Shields
 + Level 18.8 Unarmed Combat
 - Level 10.0 Invocations


You had 17 spell levels left.
You didn't know any spells.
Your spell library contained the following spells:

 Spells                   Type           Power      Damage    Failure   Level
 Apportation              Tloc           0%         N/A       100%        1
 Necrotise                Necr           0%         1d4       100%        1
 Sandblast                Erth           0%         2d4       100%        1
 Sting                    Tmut/Pois      0%         1d3       100%        1
 Blink                    Tloc           0%         N/A       100%        2
 Cigotuvi's Dreadful Rot  Necr/Pois/Air  0%         N/A       100%        2
 Passwall                 Tmut/Erth      0%         N/A       100%        2
 Poisonous Vapours        Pois/Air       0%         N/A       100%        2
 Dazzling Flash           Conj/Hex       0%         N/A       100%        3
 Mephitic Cloud           Conj/Pois/Air  0%         N/A       100%        3
 Ozocubu's Armour         Ice            0%         N/A       100%        3
 Portal Projectile        Hex/Tloc       0%         N/A       100%        3
 Stone Arrow              Conj/Erth      0%         3d7       100%        3
 Vampiric Draining        Necr           0%         2d6       100%        3
 Dispel Undead            Necr           0%         3d6       100%        4
 Iskenderun's Mystic Bla  Conj/Tloc      0%         2d3       100%        4
 Leda's Liquefaction      Hex/Erth       0%         N/A       100%        4
 Manifold Assault         Tloc           0%         N/A       100%        4
 Olgreb's Toxic Radiance  Pois           0%         N/A       100%        4
 Passage of Golubria      Tloc           0%         N/A       100%        4
 Agony                    Necr           0%         N/A       100%        5
 Alistair's Intoxication  Tmut/Pois      0%         N/A       100%        5
 Freezing Cloud           Conj/Ice/Air   0%         6-21      100%        5
 Silence                  Hex/Air        0%         N/A       100%        5
 Starburst                Conj/Fire      0%         6d3       100%        6
 Ozocubu's Refrigeration  Ice            0%         4d7       100%        7
 Lehudib's Crystal Spear  Conj/Erth      0%         10d2      100%        8
 Maxwell's Capacitive Co  Air            0%         ∞         100%        8
 Polar Vortex             Ice            0%         N/A       100%        9
 Call Canine Familiar     Summ           Unusable   N/A       N/A         3
 Tukima's Dance           Hex            Unusable   N/A       N/A         3
 Summon Lightning Spire   Summ/Air       Unusable   N/A       N/A         4
 Blade Hands              Tmut           Unusable   N/A       N/A         5
 Death Channel            Necr           Unusable   N/A       N/A         6
 Simulacrum               Ice/Necr       Unusable   N/A       N/A         6
 Storm Form               Tmut/Air       Unusable   N/A       N/A         7

Dungeon Overview and Level Annotations

Branches:
Dungeon (15/15)            Temple (1/1) D:7            Lair (5/5) D:10
 Shoals (0/4) Lair:2       Spider (4/4) Lair:2        Slime (0/5) Lair:5
    Orc (2/2) D:9             Elf (0/3) Orc:2        Vaults (0/5) D:13
 Depths (0/4) D:15         Bailey (visited)           IceCv (visited)

Altars:
Fedhas
Hepliaklqana
Kikubaaqudgha
Makhleb
Nemelex Xobeh
Okawaru
Qazlal
Ru
Sif Muna
Trog
Uskayaw
Vehumet
Wu Jian
Xom
Yredelemnul
Jiyva

Shops:
D:1 (?[?(   D:6 !*   D:8 !   D:15 (   Orc:1 **!?*   Orc:2 :*=?[


Innate Abilities, Weirdness & Mutations

You are immune to poison.
You have sharp fingernails.
Your flesh is cold resistant. (rC+)
You are immune to negative energy. (rN+++)
You do not regenerate when monsters are visible.
You are immune to unholy pain and torment.
You thrive by killing the living.


Message History

The jumping spider pounces on you but does no damage.
The jumping spider completely misses you.
The tarantella touches you but does no damage.
The jumping spider pounces on you.
* * * LOW HITPOINT WARNING * * *
The jumping spider bites you.
* * * LOW HITPOINT WARNING * * *
The broodmother barely misses you. The wolf spider closely misses you.
The wolf spider bites you but does no damage.
The jumping spider pounces on you!
* * * LOW HITPOINT WARNING * * *
You are caught in a web!
The jumping spider bites you but does no damage.
The sun moth bites you but does no damage.
The wolf spider hits you!
* * * LOW HITPOINT WARNING * * *
The wolf spider bites you but does no damage.
The tarantella touches you but does no damage.
The jumping spider pounces on you.
* * * LOW HITPOINT WARNING * * *
The jumping spider bites you.
* * * LOW HITPOINT WARNING * * *
The jumping spider leaps!
Unknown command.
Okay, then.
Unknown command.
Unknown command.
You are too confused!
Unknown command.
Unknown command.
You feel better.
You are covered in liquid flames!
* * * LOW HITPOINT WARNING * * *
The broodmother bites you but does no damage.
The wolf spider hits you but does no damage.
The wolf spider bites you but does no damage.
The wolf spider hits you.
* * * LOW HITPOINT WARNING * * *
The wolf spider barely misses you. The jumping spider pounces on you!
You die...

#....^......[......^..#.........
#^.#..##.##.......#.....#.......
#..#.##...##.#....^.....^#..^...
#.^#.#^....#.#.......#..........
#....##..^##^#.^...^............
#^.#..#####^....#..)...^..#.....
#..####$.:^###.H....^.^.........
#...##... ##.ssy.#.#...........
#....#s #..s@s...^.....#....#
#^..## ##.ss.#..[^..^#......
#..#### ###^...s^.#...........
#..#..#####^.#..................
#..#..#...#.^#..#......#........
#..#.#.....#.......^<...........
##..#.##...##.#^......^^...^.....
#...#..##.##..#.............^..#.
#...................^..........^.


You could see a broodmother, a jorogumo, a sun moth, 2 wolf spiders, 3 jumping
spiders and a tarantella.

Vanquished Creatures
  Frances (D:12)
  Donald (Orc:1)
  Louise (D:15)
  A ghost moth (Spider:4)
  7 emperor scorpions
  An ironbound preserver (D:13)
  2 broodmothers (Spider:4)
  Nessos (Lair:4)
  Azrael (D:12)
  3 dire elephants (Lair:5)
  A spark wasp (Spider:2)
  8 entropy weavers
  Snorg (D:12)
  Erolcha (D:10)
  A great orb of eyes (D:15)
  A catoblepas (Lair:2)
  4 ogre magi
  5 hydras
  8 boulder beetles
  3 radroaches
  7 centaur warriors
  7 death yaks
  2 tengu warriors (D:14)
  18 two-headed ogres
  Urug (D:12)
  Sonja (D:11)
  Amaemon (Lair:3)
  5 sun moths
  8 pharaoh ants
  4 orb spiders
  A spectral anaconda (Lair:5)
  2 deep trolls
  12 steelbarb worms
  An orc knight (Bailey)
  Pikel (D:6)
  A harpy (shapeshifter) (D:14)
  An obsidian statue (Lair:5)
  3 necromancers (Lair:5)
  2 deep elf pyromancers
  16 wolf spiders
  An oklob plant (Lair:2)
  An orc sorcerer (Orc:1)
  12 ugly things
  12 cyclopes
  5 manticores
  4 moths of wrath
  A black mamba (shapeshifter) (D:15)
  16 elephants
  An orange demon (Lair:3)
  2 ice statues (IceCv)
  5 black mambas
  4 demonic crawlers
  A kobold demonologist (D:11)
  12 cane toads
  An unseen horror (D:12)
  5 efreet
  5 rime drakes
  11 komodo dragons
  4 yaktaurs (D:15)
  A freezing wraith (D:14)
  A tengu conjurer (D:13)
  A queen bee (Lair:1)
  Prince Ribbit (D:5)
  25 tarantellas
  14 trolls
  19 blink frogs
  A snapping turtle (Lair:2)
  22 jumping spiders
  A spectral elephant (Lair:5)
  20 slime creatures
  Sigmund (D:5)
  A centaur simulacrum (D:14)
  13 culicivoras
  A dire elephant simulacrum (Lair:5)
  2 vampires
  A culicivora (shapeshifter) (D:10)
  A shadow (D:12)
  47 yaks
  4 fire elementals (D:12)
  6 wraiths
  5 basilisks
  4 wyverns
  4 death yak simulacra
  71 redbacks
  4 steam dragons
  Grum (D:10)
  2 wargs (Orc:1)
  3 vampire mosquitoes (D:13)
  An acid dragon (D:9)
  A spectral cane toad (Lair:5)
  Menkaure (D:7)
  An acid dragon (shapeshifter) (D:15)
  12 water moccasins
  14 orc warriors
  2 sky beasts
  A black bear (Lair:4)
  2 ice beasts
  25 ogres
  11 centaurs
  23 wolves
  A phantom (D:5)
  4 kobold brigands
  16 bullfrogs
  2 gnoll sergeants
  2 two-headed ogre simulacra (D:13)
  2 scorpions
  4 cane toad simulacra
  4 elephant simulacra
  28 killer bees
  An electric eel (Lair:2)
  4 howler monkeys
  A jelly (D:6)
  15 orc priests
  2 hounds (D:6)
  A gnoll bouda (D:5)
  An iguana (D:7)
  18 orc wizards
  A troll simulacrum (D:13)
  A spriggan simulacrum (D:13)
  3 wolf simulacra (D:13)
  11 adders
  15 gnolls
  A naga simulacrum (D:13)
  3 shadow imps (D:8)
  An ufetubus (D:6)
  4 dart slugs
  56 orcs
  5 bats
  5 endoplasms
  A giant cockroach (D:4)
  7 hobgoblins
  2 jackals (D:3)
  A quokka (D:3)
  6 ball pythons
  7 frilled lizards
  8 goblins
  14 kobolds
  4 rats
882 creatures vanquished.

Vanquished Creatures (others)
  A manticore (D:12)
  An unseen horror (D:13)
  A bullfrog (Lair:2)
  An orc (Orc:2)
  36 fungi
  27 plants
  21 withered plants (Lair:5)
88 creatures vanquished.

Grand Total: 970 creatures vanquished

Notes
Turn   | Place    | Note
-------+----------+-------------------------------------------
     0 | D:1      | cforsyth the Ghoul Monk began the quest for the Orb.
     0 | D:1      | Reached XP level 1. HP: 19/19 MP: 0/0
   114 | D:1      | Reached XP level 2. HP: 26/26 MP: 1/1
   144 | D:1      | Found Wogeg's Magic Scroll Boutique.
   212 | D:1      | Found Doygyn's Antique Armour Shop.
   268 | D:1      | Found Vod Qyu's Antique Weapon Shop.
   309 | D:1      | Found Tiokk's Magic Scroll Boutique.
   455 | D:1      | Found Ummostrom's Weapon Shoppe.
   749 | D:2      | Reached XP level 3. HP: 33/33 MP: 2/2
  1345 | D:3      | Reached skill level 4 in Unarmed Combat
  1521 | D:3      | Found a faded altar of an unknown god.
  1548 | D:3      | Reached skill level 1 in Armour
  1629 | D:3      | Reached XP level 4. HP: 40/40 MP: 3/3
  2847 | D:3      | Reached skill level 1 in Shields
  3060 | D:4      | Reached XP level 5. HP: 47/47 MP: 4/4
  3461 | D:4      | Found an iron altar of Okawaru.
  3550 | D:4      | Became a worshipper of Warmaster Okawaru
  3550 | D:4      | Reached * piety under Okawaru
  3550 | D:4      | Reached ** piety under Okawaru
  3572 | D:5      | Entered Level 5 of the Dungeon
  3704 | D:5      | Found a bloodstained altar of Trog.
  3790 | D:5      | Noticed a water moccasin
  3790 | D:5      | Noticed a phantom
  3792 | D:5      | Noticed Sigmund
  3797 | D:5      | Noticed an ice beast
  3882 | D:5      | Reached XP level 6. HP: 50/55 MP: 5/5
  3944 | D:5      | Killed a water moccasin
  3945 | D:5      | Reached skill level 5 in Fighting
  3945 | D:5      | Reached skill level 5 in Unarmed Combat
  4033 | D:5      | Reached XP level 7. HP: 60/61 MP: 6/6
  4170 | D:5      | Reached *** piety under Okawaru
  4250 | D:5      | Noticed Prince Ribbit
  4266 | D:5      | Killed Prince Ribbit
  4390 | D:5      | Killed Sigmund
  4391 | D:5      | Reached skill level 6 in Unarmed Combat
  4391 | D:5      | Reached XP level 8. HP: 68/70 MP: 7/7
  4616 | D:6      | Found Jobemius's Distillery.
  4740 | D:5      | Reached **** piety under Okawaru
  5556 | D:6      | Found Jeusm's General Store.
  5836 | D:6      | Reached skill level 7 in Unarmed Combat
  5836 | D:6      | Reached XP level 9. HP: 74/79 MP: 8/8
  6250 | D:7      | Noticed Menkaure
  6411 | D:7      | Killed Menkaure
  6412 | D:7      | Reached skill level 5 in Armour
  6513 | D:7      | Reached skill level 5 in Shields
  6803 | D:7      | Found an ornate altar of the Wu Jian Council.
  6958 | D:7      | Found a staircase to the Ecumenical Temple.
  7005 | D:7      | Found a blossoming altar of Fedhas.
  7005 | D:7      | Found a radiant altar of Vehumet.
  7013 | Temple   | Entered the Ecumenical Temple
  7027 | D:7      | Found a hazy altar of Hepliaklqana.
  7030 | D:7      | Found a shimmering blue altar of Sif Muna.
  7032 | D:7      | Found a burning altar of Makhleb.
  7037 | D:7      | Found a sparkling altar of Nemelex Xobeh.
  7402 | D:7      | Noticed Pikel
  7452 | D:6      | Killed Pikel
  7453 | D:6      | Reached skill level 8 in Unarmed Combat
  8160 | D:8      | Found Niklotuu's Distillery.
  8679 | D:8      | Reached XP level 10. HP: 85/90 MP: 9/9
  9146 | D:9      | Reached ***** piety under Okawaru
  9225 | D:9      | Found a flagged portal.
  9342 | Bailey   | Entered a bailey
  9779 | Bailey   | Noticed an orc knight
 10448 | Bailey   | Killed an orc knight
 10449 | Bailey   | Reached skill level 9 in Unarmed Combat
 10720 | Bailey   | Identified the +1 kite shield "Gomp" {Rampage Dex-3 Stlth+}
 10896 | D:9      | Found a staircase to the Orcish Mines.
 10901 | D:9      | HP: 1/91 [orc priest/divine providence (14)]
 11533 | D:9      | Found a sacrificial altar of Ru.
 11692 | D:9      | Found a stormy altar of Qazlal.
 12101 | D:10     | Entered Level 10 of the Dungeon
 12458 | D:10     | Noticed Grum
 12499 | D:10     | Killed Grum
 12807 | D:10     | Noticed Erolcha
 12813 | D:10     | Killed Erolcha
 12814 | D:10     | Reached XP level 11. HP: 91/99 MP: 10/10
 12830 | D:10     | Noticed a two-headed ogre
 12893 | D:10     | HP: 1/99 [two-headed ogre/+0 giant spiked club (7)]
 12894 | D:10     | Killed a two-headed ogre
 12894 | D:10     | Identified the +12 plate armour of the Moon Troll {Fly
                  | Dex+2} (Okawaru gifted it to you on level 10 of the
                  | Dungeon)
 12894 | D:10     | Received a gift from Okawaru
 12895 | D:10     | Reached skill level 10 in Fighting
 12895 | D:10     | Reached skill level 10 in Unarmed Combat
 13247 | D:10     | Found a hide-covered altar of Uskayaw.
 13248 | D:10     | Found a basalt altar of Yredelemnul.
 13367 | D:10     | Noticed a two-headed ogre
 13372 | D:10     | Killed a two-headed ogre
 13693 | D:10     | Found a staircase to the Lair.
 13843 | D:11     | Noticed a purple ugly thing
 13861 | D:11     | Killed a purple ugly thing
 14053 | D:11     | Noticed a cyclops
 14061 | D:11     | Killed a cyclops
 14112 | D:11     | Noticed Sonja
 14142 | D:11     | Killed Sonja
 14392 | D:11     | Noticed a cyan ugly thing
 14403 | D:11     | Killed a cyan ugly thing
 14640 | D:12     | Noticed Urug
 14647 | D:12     | Killed Urug
 14648 | D:12     | Reached skill level 11 in Unarmed Combat
 14648 | D:12     | Reached XP level 12. HP: 92/110 MP: 8/11
 14706 | D:12     | Noticed Frances
 14719 | D:12     | Killed Frances
 14937 | D:12     | Reached ****** piety under Okawaru
 15023 | D:12     | Received a gift from Okawaru
 16031 | D:12     | Noticed Snorg
 16045 | D:12     | Killed Snorg
 16254 | D:12     | Noticed a boulder beetle
 16271 | D:12     | Killed a boulder beetle
 16303 | D:12     | Noticed a boulder beetle
 16340 | D:12     | Killed a boulder beetle
 16340 | D:12     | Received a gift from Okawaru
 16341 | D:12     | Reached skill level 12 in Unarmed Combat
 16372 | D:12     | Reached skill level 1 in Invocations
 16383 | D:12     | Identified the +4 arbalest of Kuesuc {penet, rElec Int+3
                  | Dex-5 Stlth+}
 16674 | D:12     | Noticed a two-headed ogre
 16685 | D:12     | Killed a two-headed ogre
 16686 | D:12     | Reached XP level 13. HP: 110/119 MP: 13/13
 17291 | D:12     | Noticed Azrael
 17307 | D:12     | Killed Azrael
 17666 | D:13     | Reached skill level 10 in Armour
 17709 | D:13     | Reached skill level 10 in Shields
 17939 | D:13     | Found a frozen archway.
 17952 | IceCv    | Entered an ice cave
 18158 | IceCv    | Found a transporter.
 18168 | IceCv    | Found a transporter.
 18192 | IceCv    | Identified the +13 tower shield "Gyddek" {Dex+4 Slay+3
                  | Stlth+} (Okawaru gifted it to you in an ice cave)
 18192 | IceCv    | Received a gift from Okawaru
 18603 | D:13     | Found a gate to the Vaults.
 18603 | D:13     | Noticed an ironbound preserver
 18608 | D:13     | Reached skill level 13 in Unarmed Combat
 18608 | D:13     | Reached skill level 5 in Invocations
 18627 | D:13     | Killed an ironbound preserver
 18960 | Lair:1   | Entered Level 1 of the Lair of Beasts
 19756 | Lair:1   | Reached XP level 14. HP: 98/129 MP: 17/17
 19895 | Lair:1   | Received a gift from Okawaru
 20711 | Lair:2   | Found the +16 obsidian axe {drain, Mesm Drain Fly SInv}
 20916 | Lair:2   | Found a hole to the Spider Nest.
 20989 | Lair:2   | Found a staircase to the Shoals.
 21063 | Lair:2   | Reached skill level 14 in Unarmed Combat
 22053 | Lair:2   | Received a gift from Okawaru
 22253 | Lair:3   | Noticed Amaemon
 22265 | Lair:3   | Killed Amaemon
 23431 | Lair:4   | Reached XP level 15. HP: 137/137 MP: 20/20
 23588 | Lair:4   | Noticed Nessos
 23622 | Lair:4   | Killed Nessos
 24032 | Lair:5   | Entered Level 5 of the Lair of Beasts
 24052 | Lair:4   | Reached skill level 15 in Unarmed Combat
 25043 | Lair:5   | Found a viscous altar of Jiyva.
 25044 | Lair:5   | Found a staircase to the Slime Pits.
 25231 | Lair:5   | Identified the +4 chain mail of Eternal Night {-Cast rElec
                  | rN+} (Okawaru gifted it to you on level 5 of the Lair of
                  | Beasts)
 25231 | Lair:5   | Received a gift from Okawaru
 25246 | Lair:5   | Reached skill level 10 in Invocations
 25327 | Lair:5   | Identified a scroll of acquirement
 25646 | D:1      | Bought a scroll of acquirement for 728 gold pieces
 25646 | D:1      | Bought a scroll of identify for 28 gold pieces
 26766 | Lair:5   | Identified the +3 dagger of Tortfeasance {elec, rF++ Will-}
 27310 | Orc:1    | Entered Level 1 of the Orcish Mines
 27310 | Orc:1    | Found Mialiot's General Store.
 27447 | Orc:1    | Found Punnaeb's Magic Scroll Emporium.
 27571 | Orc:2    | Entered Level 2 of the Orcish Mines
 27572 | Orc:2    | Noticed Donald
 27574 | Orc:2    | Found a staircase to the Elven Halls.
 27592 | Orc:1    | Killed Donald
 27892 | Orc:2    | Found an iron altar of Okawaru.
 28810 | Orc:2    | Reached skill level 16 in Unarmed Combat
 28878 | Orc:2    | Found Zezeg's Armour Boutique.
 29051 | Orc:2    | Found Yxan's Jewellery Shoppe.
 29054 | Orc:2    | Found Ubat's Magic Scroll Shoppe.
 29055 | Orc:2    | Found Nistriuru's General Store.
 29083 | Orc:2    | Found Rinain's Book Emporium.
 29086 | Orc:2    | Bought a scroll of blinking for 97 gold pieces
 29208 | Orc:1    | Received a gift from Okawaru
 29210 | Orc:1    | Found Calu's Distillery.
 29233 | Orc:1    | Found Inoeg's Assorted Antiques.
 29432 | Orc:1    | Found Tizineg's Assorted Antiques.
 29445 | Orc:1    | Reached XP level 16. HP: 146/146 MP: 22/22
 29452 | Orc:1    | Bought a bubbling emerald potion for 29 gold pieces
 29639 | D:14     | Acquired 1120 gold pieces
 29881 | D:14     | Identified the +6 sling of Orinloet {speed, rElec}
 30857 | D:15     | Entered Level 15 of the Dungeon
 31112 | D:15     | Noticed Louise
 31158 | D:15     | Killed Louise
 31615 | D:15     | Reached skill level 17 in Unarmed Combat
 31630 | D:15     | Found a staircase to the Depths.
 31779 | D:15     | Found Guetal's Antique Weapon Boutique.
 32011 | Spider:1 | Entered Level 1 of the Spider Nest
 32281 | Spider:1 | Identified the +2 pair of gloves of the Lost Path {Rampage
                  | rElec rCorr Int-5} (Okawaru gifted it to you on level 1 of
                  | the Spider Nest)
 32281 | Spider:1 | Received a gift from Okawaru
 33961 | Spider:2 | Reached XP level 17. HP: 152/152 MP: 23/23
 34179 | Spider:2 | Identified the +1 robe of the Other World {Contam rF++
                  | rCorr Dex+2}
 35185 | Spider:3 | Identified the +2 helmet of Pragmatism {rPois Regen+ Dex+3}
                  | (Okawaru gifted it to you on level 3 of the Spider Nest)
 35185 | Spider:3 | Received a gift from Okawaru
 35963 | Spider:3 | Reached skill level 18 in Unarmed Combat
 36252 | Spider:4 | Entered Level 4 of the Spider Nest
 38244 | Spider:4 | Identified the +1 cloak of Fuasy {+Inv rPois Int+6}
                  | (Okawaru gifted it to you on level 4 of the Spider Nest)
 38244 | Spider:4 | Received a gift from Okawaru
 38595 | Spider:4 | Got a gossamer rune of Zot
 38722 | Spider:4 | Reached skill level 15 in Armour
 38722 | Spider:4 | Reached XP level 18. HP: 81/160 MP: 24/24
 38728 | Spider:4 | HP: 6/160 [tarantella (12)]
 38731 | Spider:4 | Mangled by a jumping spider

Illustrated notes

Levels and vault maps discovered:
D:1:      co_arrival_hexagon_in_a_hexagon, layout_basic, serial_shops,
          nicolae_lakefront_shop, nicolae_shop_hallway_plus, shop, shop,
          nicolae_lakefront_shop, minmay_misc_feat_diagonals,
          grunt_decor_resistance, hangedman_abyss_or_decor_stabs
D:2:      layout_loops_cross
D:3:      layout_basic, dreamdust_ecumenical_altar_grove
D:4:      layout_basic, marbit_many_paths
D:5:      layout_basic, lemuel_coloured_pillars_altar, uniq_sigmund,
          uniq_prince_ribbit1
D:6:      layout_cave_pods, serial_shops, nicolae_shop_crystal,
          nicolae_stop_n_shop_2, minivault_27, minmay_statues_item,
          reono_crystal_passage
D:7:      layout_layer_cave, nicolae_overflow_hallway_of_the_gods,
          mainiacjoe_overflow_tiny_flanked, minmay_temple_entry_overgrown,
          uniq_pikel, uniq_menkaure
D:8:      layout_basic, serial_shops, nicolae_square_shop, minivault_11,
          minmay_crystal_room, grunt_ministairs_6, glass_columns_a
D:9:      layout_stronghold, mainiacjoe_overflow_alcove_4, hangedman_ru_absence,
          erik_orc_3, enter_bailey_5, serial_co_window_serial,
          co_window_corner_a, co_window_paths_a, co_window_corner_a,
          co_window_of_opportunity_a, co_window_paths_b,
          co_window_unsneaky_path_a, co_window_corner_b, co_window_paths_c,
          co_window_2corner, co_window_corner_b, co_window_corner_ca,
          co_window_paths_d, glass_columns_b, glass_columns_a
D:10:     layout_gridville, nicolae_overflow_squiral,
          grunt_lair_entry_orc_guard_hut, small_chamber_with_monster,
          grunt_ministairs_7, chequers_serial_rivers_marsh,
          hangedman_decor_push, uniq_erolcha, uniq_grum
D:11:     layout_basic, uniq_sonja
D:12:     minmay_the_grid_octo_triangle [minmay_the_grid_octo_horde,
          minmay_the_grid_octo_prize_big_c, minmay_the_grid_octo_toaster],
          layout_gridville, uniq_urug, uniq_azrael, uniq_snorg, uniq_frances
D:13:     minmay_spotlight, layout_cave_pools, skrybe_vaults_entry_preservation,
          portal_ice_cave_entry_ice_simulacra
D:14:     layout_loops_corners
D:15:     gammafunk_enter_depths_forms, layout_basic,
          ebering_dispersal_statue_hall, serial_shops,
          nicolae_shop_competitors_out_of_business, uniq_louise
Temple:   nicolae_temple_ecumenical_triangle
Lair:1:   layout_cave_pods, special_room [special_room_bee]
Lair:2:   nzn_winding_woodlands_medium [nzn_winding_woodlands_5x5_three,
          nzn_winding_woodlands_5x15_pockets, nzn_winding_woodlands_5x5_cross,
          nzn_winding_woodlands_5x5_default, nzn_winding_woodlands_center_lodge,
          nzn_winding_woodlands_5x5_closed_star,
          nzn_winding_woodlands_5x5_perimeter, nzn_winding_woodlands_5x15_eye,
          nzn_winding_woodlands_hourglass], layout_concentric_octagons,
          minmay_shoals_entry_hut, spider_nest_entry_a,
          dreamdust_deal_with_the_devil, lemuel_old_faithful
Lair:3:   layout_cellular_growth, grunt_megastairs_3,
          infiniplex_staircase_pool_2, uniq_amaemon
Lair:4:   layout_hall_layers, lookout_lair_type, st_stairs_3,
          chequers_serial_rivers_room_a, grunt_megastairs_5, uniq_nessos
Lair:5:   due_jungle_book, layout_misc_corridors, dpeg_slime_entry_enclosed,
          chequers_serial_rivers_small_b
Spider:1: layout_cave_pods
Spider:2: layout_spider_delve, drop_trap, nicolae_spider_cling_halls
Spider:3: layout_chambers, nicolae_spider_solar_radiation
Spider:4: grunt_spider_rune_circles, nicolae_spider_bug_shape
Orc:1:    layout_caves, serial_shops, shop, shop_fountains,
          nicolae_shop_hallway_plus, shop_scrolls, shop_statue
Orc:2:    st_orc_open, layout_caves, serial_shops, nicolae_shop_hallway_stairs,
          okawaru_metal_pillars_1_2, uniq_donald

Skill      XL: |  1  2  3  4  5  6  7  8  9 10 11 12 13 14 15 16 17 |
---------------+----------------------------------------------------+-----
Fighting       | 4 5 6 7 8 9 11 12 13 14 | 14.0
Unarmed Combat | 4 5 6 7 8 9 11 12 13 14 16 17 18 | 18.8
Armour         | 1 2 3 4 6 7 8 9 10 11 12 13 15 | 15.0
Shields        | 1 2 3 4 5 7 8 9 10 11 12 13 14 | 14.9
Invocations    | 2 6 9 10 | 10.0
Dodging        | |  2.6
Stealth        | |  2.1

Action                   |  1- 3 |  4- 6 |  7- 9 | 10-12 | 13-15 | 16-18 || total
-------------------------+-------+-------+-------+-------+-------+-------++-------
Melee: Unarmed           |    80 |   135 |   327 |   740 |  1700 |  1490 ||  4472
Invok: Heroism           |       |       |     1 |    12 |    12 |       ||    25
Evoke: Wand              |       |       |     4 |     6 |       |       ||    10
  Use: Scroll            |     4 |     4 |     1 |     7 |    17 |     7 ||    40
       Potion            |       |       |       |     3 |     7 |     8 ||    18
 Stab: Paralysed         |       |       |     8 |       |       |       ||     8
       Petrified         |       |       |       |       |     2 |       ||     2
Armor: Robe              |    10 |       |       |       |       |       ||    10
       Chain mail        |    25 |    86 |   141 |    43 |       |       ||   295
       Plate armour      |       |       |       |   341 |   802 |   901 ||  2044
Dodge: Dodged            |    44 |    42 |   130 |   247 |   270 |   289 ||  1022
Block: Buckler           |     2 |    20 |    80 |    45 |       |       ||   147
       Kite shield       |       |       |       |   310 |    84 |       ||   394
       Tower shield      |       |       |       |       |  2385 |  2645 ||  5030

Table legend: (Time is in decaauts)
 A = Elapsed time spent in this place.
 B = Non-inter-level travel time spent in this place.
 C = Inter-level travel time spent in this place.
 D = Time resting spent in this place.
 E = Time spent auto-exploring this place.
 F = Levels seen in this place.
 G = Mean time per level.
                   A        B        C        D        E       F      G
               +--------+--------+--------+--------+--------+-----+--------+
         Total |  38491 |  36497 |   1994 |   9205 |  18836 |  29 | 1327.3 |
       Dungeon |  20082 |  18746 |   1336 |   3978 |  11023 |  15 | 1338.8 |
        Temple |      1 |      1 |      0 |      0 |      0 |   1 |    1.0 |
          Lair |   8038 |   7611 |    427 |   1752 |   4007 |   5 | 1607.6 |
   Spider Nest |   6470 |   6309 |    161 |   1658 |   2785 |   4 | 1617.5 |
  Orcish Mines |   2201 |   2132 |     69 |    811 |    751 |   2 | 1100.5 |
        Bailey |   1416 |   1416 |      0 |    823 |    268 |   1 | 1416.0 |
      Ice Cave |    280 |    280 |      0 |    183 |      2 |   1 |  280.0 |
               +--------+--------+--------+--------+--------+-----+--------+

Top non-repeatable levels by time:
    D:12: 2805 daAuts
  Lair:5: 2310 daAuts
Spider:3: 2303 daAuts
     D:7: 2070 daAuts
  Lair:2: 2055 daAuts
     D:9: 2027 daAuts
Spider:4: 1739 daAuts
     D:3: 1664 daAuts
Spider:2: 1554 daAuts
    D:10: 1516 daAuts
  Bailey: 1416 daAuts
     D:5: 1383 daAuts
  Lair:3: 1348 daAuts
  Lair:1: 1312 daAuts
     D:6: 1277 daAuts
